[Event "Monday 02 April Rapid Engine Tour 12+1 Rounds 9 Starts 1600ST"]
[Site "Infinity Chess"]
[Date "2018.4.2"]
[Round "6"]
[White "CoffeeOne"]
[Black "angriff"]
[Result "1/2-1/2"]
[ECO "D30"]
[WhiteElo "2472"]
[BlackElo "2392"]
[WhiteEngine "Houdini 6"]
[BlackEngine "DracoREX 3.07 64BIT POPCNT_CTG"]
[EventType "Swiss"]
[WhiteTeam ""]
[BlackTeam ""]
[PlyCount "175"]
[TimeControl "720+1"]

1. d4 d5 2. c4 e6 3. Nf3 Nf6 4. g3 Bb4+ 5. Bd2 Be7 6. Bg2 O-O 7. O-O c6 
8. Bc3 Ne4 9. Nbd2 Nxc3 10. bxc3 Nd7 11. cxd5 exd5 12. e4 dxe4 13. Nxe4 Qa5 
14. Re1 Nf6 15. Qb3 Qc7 16. Ned2 Bf5 17. Ne5 Be6 18. c4 Bd6 19. Qc3 c5 
20. d5 Bf5 21. Nef3 Rae8 22. Bf1 Bd7 23. Bd3 h6 24. a4 Rxe1+ 25. Rxe1 Re8 
26. Rb1 Bc8 27. a5 Qd8 28. Kg2 Bc7 29. Nb3 Bd6 30. Qa1 Bg4 31. Nbd2 Bc7 
32. Rxb7 Bxa5 33. h3 Bc8 34. Rb3 a6 35. Nf1 Bc7 36. Bc2 Re2 37. Qb1 Qd7 
38. Ng1 Re5 39. Rf3 a5 40. Ne3 Qd8 41. Bf5 Bxf5 42. Nxf5 h5 43. Rb3 g6 
44. Ne3 Ne4 45. Nf3 Re8 46. Qa1 Qd7 47. h4 Bd8 48. Ne5 Qd6 49. Nc6 Bc7 
50. Nf1 Qd7 51. Qc1 Nd6 52. Qc2 Qg4 53. Ne3 Qe4+ 54. Qxe4 Rxe4 55. Rc3 Kg7 
56. Kf1 Re8 57. Nd1 Kf8 58. Nb2 Re4 59. Rc1 f6 60. Re1 g5 61. Rxe4 Nxe4 
62. Ke2 g4 63. Na4 f5 64. Nb2 Kg7 65. Na4 Kf6 66. Ke3 Nd6 67. Kd3 Nb7 
68. Nc3 Bd6 69. Ne2 a4 70. Kc2 Bc7 71. Nf4 Bxf4 72. gxf4 Nd6 73. Ne5 Ke7 
74. Kb2 Ne4 75. Nd3 Kd6 76. Ka3 Nd2 77. Ne5 Nxc4+ 78. Nxc4+ Kxd5 79. Ne5 Ke4 
80. Kxa4 Kxf4 81. Nd3+ Ke4 82. Nxc5+ Kf3 83. Nd3 Ke2 84. Nf4+ Kxf2 85. Nxh5 Kf3 
86. Ng3 Kxg3 87. h5 f4 88. h6 1/2-1/2

[Event "Monday 02 April Rapid Engine Tour 12+1 Rounds 9 Starts 1600ST"]
[Site "Infinity Chess"]
[Date "2018.4.2"]
[Round "6"]
[White "RonWeasley"]
[Black "KQRBNP"]
[Result "1/2-1/2"]
[ECO "E32"]
[WhiteElo "2442"]
[BlackElo "2404"]
[WhiteEngine "BrainFish 010418 WM_CTG"]
[BlackEngine "Eman 1.70-beta13 64-bit POPCNT"]
[EventType "Swiss"]
[WhiteTeam ""]
[BlackTeam ""]
[PlyCount "93"]
[TimeControl "720+1"]

1. d4 Nf6 2. c4 e6 3. Nc3 Bb4 4. Qc2 O-O 5. e4 d5 6. e5 Ne4 7. Bd3 c5 
8. Nf3 cxd4 9. Nxd4 Nd7 10. Bf4 Qh4 11. g3 Qh5 12. O-O g5 13. cxd5 Bxc3 
14. bxc3 exd5 15. Bxe4 dxe4 16. e6 gxf4 17. exd7 Bxd7 18. Qxe4 fxg3 19. fxg3 Bh3 
20. Rf3 Rfe8 21. Qxb7 Rab8 22. Qc6 Qg5 23. Rf2 Rbc8 24. Qf3 Re7 25. Nc6 Rec7 
26. Re1 Qc5 27. g4 Qxc6 28. Qxh3 Qxc3 29. Qxc3 Rxc3 30. Re7 Ra3 31. Rexf7 Rc1+ 
32. Kg2 Ra1 33. Rd7 R3xa2 34. h3 Rxf2+ 35. Kxf2 Ra3 36. h4 a5 37. g5 a4 
38. Ra7 Ra1 39. h5 a3 40. Ra8+ Kf7 41. Ra7+ Kg8 42. Ra8+ Kf7 43. g6+ hxg6 
44. hxg6+ Kxg6 45. Ra5 Kf6 46. Kg3 Ke6 47. Kg2 1/2-1/2

[Event "Monday 02 April Rapid Engine Tour 12+1 Rounds 9 Starts 1600ST"]
[Site "Infinity Chess"]
[Date "2018.4.2"]
[Round "6"]
[White "marudam"]
[Black "ocirema"]
[Result "1/2-1/2"]
[ECO "C77"]
[WhiteElo "2443"]
[BlackElo "2431"]
[WhiteEngine "stockfish_CTG"]
[BlackEngine "stockfish_18040103_x64_modern_CTG"]
[EventType "Swiss"]
[WhiteTeam ""]
[BlackTeam ""]
[PlyCount "127"]
[TimeControl "720+1"]

1. e4 e5 2. Nf3 Nc6 3. Bb5 a6 4. Ba4 Nf6 5. O-O Be7 6. Re1 b5 7. Bb3 O-O 
8. c3 d5 9. exd5 Nxd5 10. Nxe5 Nxe5 11. Rxe5 c6 12. Re1 Bd6 13. d3 Bf5 
14. g3 Re8 15. Rxe8+ Qxe8 16. a4 b4 17. d4 Bh3 18. cxb4 Bxb4 19. Bc2 Qe6 
20. Bd2 c5 21. Bxb4 Nxb4 22. d5 Qxd5 23. Qxd5 Nxd5 24. Bb3 Nb4 25. Nc3 Rb8 
26. Bc4 Kf8 27. Rc1 Nc6 28. Bxa6 Rxb2 29. Bf1 Bxf1 30. Kxf1 c4 31. Rb1 Rc2 
32. Nd5 g6 33. Rb5 Nd4 34. Rb8+ Kg7 35. Kg2 Nc6 36. Rb5 Ra2 37. Rc5 Ne5 
38. Nc3 Rc2 39. Rxe5 Rxc3 40. Rc5 Kf6 41. a5 Ke6 42. a6 Ra3 43. Rxc4 Rxa6 
44. Rf4 Ra2 45. Rh4 h5 46. Rc4 Re2 47. Rc6+ Kf5 48. h4 Rd2 49. Kf3 Rd3+ 
50. Ke2 Rd5 51. Kf3 Rd3+ 52. Ke2 Ra3 53. f3 Ra5 54. Kf1 Ke5 55. Rc4 Kf6 
56. Rc7 Ra3 57. Ke2 Ke6 58. Kf2 f5 59. f4 Kf6 60. Rc2 Ra6 61. Kf3 Ra3+ 
62. Kf2 Kf7 63. Rd2 Kf6 64. Rc2 1/2-1/2

[Event "Monday 02 April Rapid Engine Tour 12+1 Rounds 9 Starts 1600ST"]
[Site "Infinity Chess"]
[Date "2018.4.2"]
[Round "6"]
[White "Macho"]
[Black "KhalidOmar"]
[Result "1-0"]
[ECO "B90"]
[WhiteElo "2459"]
[BlackElo "2448"]
[WhiteEngine "Cfish 2018-04-01 64 POPC_CTG"]
[BlackEngine "Eman 1.70-beta13 64-bit BMI2"]
[EventType "Swiss"]
[WhiteTeam ""]
[BlackTeam ""]
[PlyCount "203"]
[TimeControl "720+1"]

1. e4 c5 2. Nf3 d6 3. d4 cxd4 4. Nxd4 Nf6 5. Nc3 a6 6. Be3 e5 7. Nb3 Be6 
8. f3 Be7 9. Qd2 Nbd7 10. g4 O-O 11. O-O-O b5 12. a3 Nb6 13. g5 Nh5 14. Na5 Rc8 
15. Kb1 g6 16. Rg1 Qc7 17. Nd5 Nxd5 18. exd5 Bd7 19. c4 Nf4 20. Rc1 Qd8 
21. Nb7 Qc7 22. Na5 Qb8 23. h4 Rfe8 24. Rh1 Bf8 25. Ka2 Bg7 26. Rh2 Qa8 
27. b3 Qb8 28. Bd3 Nxd3 29. Qxd3 Bf5 30. Qd1 Qc7 31. Nc6 bxc4 32. Rxc4 Qd7 
33. Bc1 f6 34. Bb2 Qf7 35. Qd2 h6 36. gxh6 Bf8 37. Bc1 Kh7 38. a4 Bd7 
39. Qa5 Bf5 40. Be3 Qc7 41. Qd2 Qf7 42. Rh1 e4 43. f4 Bxh6 44. Rb4 Rc7 
45. Rb6 Ra8 46. Na5 Bf8 47. Nc4 Bg4 48. Rc1 Rd7 49. Rc6 Rdd8 50. Bd4 a5 
51. Bb2 Ra7 52. Rg1 f5 53. Nxa5 Rad7 54. Nc4 Qe7 55. Rc1 Kg8 56. a5 Bf3 
57. Qf2 Qf7 58. Nb6 Ra7 59. b4 Bg7 60. Bxg7 Kxg7 61. Ka3 Kh6 62. Ka4 Qg7 
63. Nc4 Qf7 64. b5 Rad7 65. Nb6 Re7 66. a6 Bh5 67. Qe3 Ree8 68. Kb4 Bf3 
69. Rc7 Re7 70. Rxe7 Qxe7 71. Rc8 Rxc8 72. Nxc8 Qf8 73. Nb6 Qb8 74. Nc4 Qa8 
75. Qd4 Kh5 76. Qf6 Kg4 77. Qxg6+ Kh3 78. Qxd6 e3 79. Nxe3 Qg8 80. Qc5 Qg1 
81. d6 Qe1+ 82. Qc3 Qb1+ 83. Kc5 Qe4 84. Qe5 Qa8 85. Kb4 Qa7 86. Nxf5 Qh7 
87. Qc3 Qxf5 88. Qxf3+ Kxh4 89. Qf2+ Kh3 90. Qc5 Qxf4+ 91. Ka5 Qf3 92. a7 Kg4 
93. Qd4+ Kf5 94. d7 Qa3+ 95. Kb6 Qa2 96. d8=Q Qe6+ 97. Q8d6 Qxd6+ 98. Qxd6 Ke4 
99. a8=Q+ Ke3 100. Qg3+ Kd4 101. Qh1 Kc4 102. Qe4# 1-0

[Event "Monday 02 April Rapid Engine Tour 12+1 Rounds 9 Starts 1600ST"]
[Site "Infinity Chess"]
[Date "2018.4.2"]
[Round "6"]
[White "Marsell"]
[Black "Eman"]
[Result "1/2-1/2"]
[ECO "C55"]
[WhiteElo "2454"]
[BlackElo "2503"]
[WhiteEngine "asmFishW_2018-04-02_bmi2"]
[BlackEngine "Eman 1.70-beta13 64-bit POPCNT"]
[EventType "Swiss"]
[WhiteTeam ""]
[BlackTeam ""]
[PlyCount "81"]
[TimeControl "720+1"]

1. e4 e5 2. Nf3 Nc6 3. Bc4 Nf6 4. d3 Bc5 5. c3 d6 6. O-O O-O 7. h3 a5 8. Nbd2 h6 
9. Re1 Be6 10. b3 Ba7 11. Nf1 d5 12. exd5 Nxd5 13. Bd2 Qf6 14. N1h2 Rad8 
15. Rc1 Nf4 16. Bxf4 Bxc4 17. bxc4 Qxf4 18. Qc2 f5 19. Rb1 e4 20. dxe4 Bxf2+ 
21. Kxf2 fxe4 22. Qxe4 Qxh2 23. Re2 Rb8 24. Rb5 Kh8 25. Qd3 Rf7 26. Rf5 Rxf5 
27. Qxf5 Qd6 28. Nh4 Qa3 29. Kg1 Rd8 30. Ng6+ Kg8 31. Qe6+ Kh7 32. Qf5 Qxc3 
33. Ne5+ Kg8 34. Qe6+ Kh7 35. Qg6+ Kg8 36. Qf7+ Kh8 37. Ng6+ Kh7 38. Nf8+ Kh8 
39. Ng6+ Kh7 40. Nf8+ Kh8 41. Ng6+ 1/2-1/2

[Event "Monday 02 April Rapid Engine Tour 12+1 Rounds 9 Starts 1600ST"]
[Site "Infinity Chess"]
[Date "2018.4.2"]
[Round "6"]
[White "Gilgamesch"]
[Black "MCDermont"]
[Result "1/2-1/2"]
[ECO "C12"]
[WhiteElo "2478"]
[BlackElo "2508"]
[WhiteEngine "BrainFish_180401_x64_bmi2"]
[BlackEngine "BrainFish 010418 WM_CTG"]
[EventType "Swiss"]
[WhiteTeam ""]
[BlackTeam ""]
[PlyCount "251"]
[TimeControl "720+1"]

1. e4 e6 2. d4 d5 3. Nc3 Nf6 4. Bg5 Bb4 5. e5 h6 6. Bc1 Ne4 7. Qg4 Kf8 
8. a3 Bxc3+ 9. bxc3 Nxc3 10. Bd3 b6 11. a4 c5 12. Bb2 c4 13. Bf1 Ne4 14. h4 Nc6 
15. c3 Rb8 16. f3 Nxc3 17. Bxc3 a6 18. Ne2 b5 19. axb5 axb5 20. Rh3 h5 
21. Qf4 b4 22. Bd2 Bb7 23. Kf2 Ra8 24. Rxa8 Qxa8 25. Qg5 Rh7 26. g4 Qa5 
27. Qe3 Ba6 28. Bg2 Qa2 29. Rh1 Kg8 30. Kg3 Rh8 31. Bh3 Qb2 32. gxh5 Rxh5 
33. Bg4 Rh8 34. h5 c3 35. Nxc3 bxc3 36. Bxc3 Qb8 37. Ra1 Bc4 38. Qf4 Bd3 
39. Qe3 Bc4 40. Qf4 Be2 41. Bd2 Bc4 42. Be3 Rh7 43. Rh1 Bd3 44. Rd1 Be2 
45. Rc1 Bc4 46. Qg5 Rh8 47. Ra1 Bd3 48. Ra3 Bb1 49. Rc3 Qb7 50. Rc1 Bd3 
51. Rh1 Qc7 52. Rd1 Bc4 53. Kg2 Qb7 54. Bf2 Ne7 55. Rc1 Qa7 56. Rd1 Be2 
57. Re1 Bd3 58. Rd1 Be2 59. Re1 Bc4 60. Rc1 Qb7 61. Qd2 Qa6 62. Qg5 Qa7 
63. Kg3 Bd3 64. Be3 Qb7 65. Rh1 Nc6 66. Rd1 Bc4 67. Kg2 Qb2+ 68. Bf2 Kf8 
69. Kg3 Kg8 70. Kg2 Bb5 71. Rh1 Kf8 72. Rc1 Bc4 73. Kg3 Kg8 74. Rh1 Bd3 
75. Qe3 Bc4 76. Qf4 Bb5 77. Rc1 Bc4 78. Rh1 Bb5 79. Rd1 Bc4 80. Qg5 Bb5 
81. Rh1 Bd3 82. Qc1 Qxc1 83. Rxc1 Ne7 84. Rc7 Nf5+ 85. Kf4 Nh6 86. Bh4 Kh7 
87. Bg5 Rf8 88. Ke3 Bf1 89. Kf2 Bd3 90. Ke3 Bf1 91. Rd7 Bb5 92. Rb7 Ba6 
93. Rd7 Bb5 94. Re7 Bc4 95. Ra7 Bb5 96. Re7 Bc4 97. Ra7 Bb5 98. Kf4 Kg8 
99. Rb7 Bc4 100. Rd7 Ba6 101. Ke3 Rb8 102. Rd8+ Rxd8 103. Bxd8 Bb5 104. Be7 Kh7 
105. Bg5 Bc4 106. Kd2 Bb5 107. Bh3 Kg8 108. Ke3 Kh7 109. f4 Be8 110. Ke2 Bb5+ 
111. Ke3 Bd7 112. Be7 Be8 113. Bg5 Bb5 114. Bxh6 Kxh6 115. Bg4 Bc4 116. Bf3 Bb5 
117. Bd1 f6 118. exf6 gxf6 119. f5 exf5 120. Kf4 Bd3 121. Bf3 Be4 122. Be2 Bb1 
123. Bd1 Be4 124. Be2 Bb1 125. Bd1 Be4 126. Be2 1/2-1/2

[Event "Monday 02 April Rapid Engine Tour 12+1 Rounds 9 Starts 1600ST"]
[Site "Infinity Chess"]
[Date "2018.4.2"]
[Round "6"]
[White "KRAKEN"]
[Black "Brtroy"]
[Result "1/2-1/2"]
[ECO "D43"]
[WhiteElo "2466"]
[BlackElo "2507"]
[WhiteEngine "Raubfisch X38_CTG"]
[BlackEngine "Stockfish_18040103_x64_bmi2_CTG"]
[EventType "Swiss"]
[WhiteTeam ""]
[BlackTeam ""]
[PlyCount "72"]
[TimeControl "720+1"]

1. d4 d5 2. c4 e6 3. Nc3 Nf6 4. Nf3 c6 5. Bg5 h6 6. Bxf6 Qxf6 7. e3 Nd7 
8. Be2 g6 9. O-O Bg7 10. cxd5 exd5 11. b4 a6 12. a4 O-O 13. b5 Qd6 14. Qb3 a5 
15. Rfc1 Rd8 16. Rab1 Nf8 17. Qd1 Ne6 18. bxc6 bxc6 19. Rb6 Bd7 20. Rcb1 Qf8 
21. g3 Rdb8 22. Qb3 Rxb6 23. Qxb6 Qa3 24. Qb7 Rd8 25. Rb3 Qc1+ 26. Kg2 c5 
27. Qa7 cxd4 28. exd4 Qc2 29. Bd1 Qc1 30. Be2 Qc2 31. Bd1 Qc1 32. Qxa5 Rc8 
33. Be2 Qc2 34. Bd1 Qc1 35. Be2 Qc2 36. Bd1 Qc1 1/2-1/2

[Event "Monday 02 April Rapid Engine Tour 12+1 Rounds 9 Starts 1600ST"]
[Site "Infinity Chess"]
[Date "2018.4.2"]
[Round "6"]
[White "Murx"]
[Black "OlivierEvan"]
[Result "1-0"]
[ECO "B06"]
[WhiteElo "2494"]
[BlackElo "2479"]
[WhiteEngine "BrainFish_180329_x64_modern"]
[BlackEngine "Houdini 6"]
[EventType "Swiss"]
[WhiteTeam ""]
[BlackTeam ""]
[PlyCount "179"]
[TimeControl "720+1"]

1. e4 g6 2. d4 Bg7 3. Nc3 d6 4. Nf3 a6 5. Bc4 e6 6. O-O b5 7. Bd3 Bb7 8. Re1 Nd7 
9. Ne2 Ngf6 10. Ng3 c5 11. c3 O-O 12. a4 Bc6 13. a5 c4 14. Bc2 Re8 15. h4 e5 
16. h5 Bb7 17. Bg5 h6 18. Be3 Rc8 19. Nh2 Nf8 20. Qd2 Nxh5 21. Nxh5 gxh5 
22. d5 Rb8 23. f4 Nd7 24. Rf1 Qe7 25. f5 Kh7 26. Rf3 Nf6 27. Rh3 Rh8 28. Qf2 Kg8 
29. Rf1 Kf8 30. Qh4 Ke8 31. Bd1 Bc8 32. Rg3 Rg8 33. Bxh5 Bd7 34. Be2 Rb7 
35. Rff3 Kd8 36. Bb6+ Kc8 37. Ng4 Re8 38. Rh3 Kb8 39. Nxf6 Bxf6 40. Qxh6 Bg5 
41. Qg7 Bf6 42. Qh6 Bg5 43. Qg7 Bf6 44. Qg3 Ka8 45. Rh5 Rbb8 46. Qf2 Rg8 
47. Rfh3 Bc8 48. b3 cxb3 49. c4 bxc4 50. Bxc4 Qd7 51. Rxb3 Qa4 52. Qe2 Bd8 
53. Rhh3 Bxb6+ 54. axb6 Qa5 55. Qf2 Qa1+ 56. Kh2 Qd4 57. Qxd4 exd4 58. Rh6 Rd8 
59. Kg3 Bb7 60. Kf4 Rbc8 61. Bd3 Rc3 62. Rxc3 dxc3 63. Rf6 Rd7 64. Bc2 Bc8 
65. g4 Kb7 66. Ba4 a5 67. Ke3 c2 68. Bxc2 Kxb6 69. Ba4 Rd8 70. g5 Rh8 
71. Rxf7 Rh3+ 72. Kf2 Rh4 73. g6 Rxe4 74. g7 Rg4 75. f6 Bf5 76. Rf8 Bh7 
77. f7 Rf4+ 78. Ke3 Re4+ 79. Kf3 Rxa4 80. g8=Q Ra3+ 81. Kf4 Ra4+ 82. Kg5 Bxg8 
83. Rb8+ Kc5 84. Rc8+ Kb4 85. f8=Q Bxd5 86. Qxd6+ Kb3 87. Qxd5+ Rc4 88. Rxc4 Ka3 
89. Qb5 a4 90. Rxa4# 1-0

[Event "Monday 02 April Rapid Engine Tour 12+1 Rounds 9 Starts 1600ST"]
[Site "Infinity Chess"]
[Date "2018.4.2"]
[Round "6"]
[White "ivrdurant"]
[Black "SkyPilot"]
[Result "1/2-1/2"]
[ECO "C55"]
[WhiteElo "2454"]
[BlackElo "2503"]
[WhiteEngine "Raubfisch ME262_GTZ16d4"]
[BlackEngine "stockfish_x64_bmi2_2018_03_30_CTG"]
[EventType "Swiss"]
[WhiteTeam ""]
[BlackTeam ""]
[PlyCount "65"]
[TimeControl "720+1"]

1. e4 e5 2. Nf3 Nc6 3. Bc4 Nf6 4. d3 Bc5 5. O-O d6 6. c3 O-O 7. h3 a5 8. Bg5 h6 
9. Bh4 g5 10. Bg3 Nh5 11. d4 Nxg3 12. fxg3 Bb6 13. Kh2 Kg7 14. dxe5 dxe5 
15. Nbd2 f6 16. a4 Qe8 17. Bd5 Ne7 18. Bb3 Bc5 19. Ne1 b6 20. Nd3 Bd6 
21. Nc4 Bb7 22. Nxd6 cxd6 23. Nf2 Rd8 24. Qe2 Qc6 25. Qh5 Qe8 26. Qe2 Qc6 
27. Bc4 Ba8 28. Rae1 f5 29. Bb5 Qb7 30. Ba6 Qc6 31. Bb5 Qb7 32. Ba6 Qc6 33. Bb5 
1/2-1/2

[Event "Monday 02 April Rapid Engine Tour 12+1 Rounds 9 Starts 1600ST"]
[Site "Infinity Chess"]
[Date "2018.4.2"]
[Round "6"]
[White "MarioDeMonti"]
[Black "xeonrocks"]
[Result "1/2-1/2"]
[ECO "C53"]
[WhiteElo "2509"]
[BlackElo "2548"]
[WhiteEngine "stockfish_x64_bmi2_2018_02_18_CTG"]
[BlackEngine "Stockfish_x64_bmi2_CTG"]
[EventType "Swiss"]
[WhiteTeam ""]
[BlackTeam ""]
[PlyCount "83"]
[TimeControl "720+1"]

1. e4 e5 2. Nf3 Nc6 3. Bc4 Bc5 4. c3 Nf6 5. d3 d6 6. O-O a5 7. Re1 Ba7 
8. Nbd2 O-O 9. h3 Be6 10. Bb5 Ne7 11. d4 Ng6 12. Ba4 Nh5 13. Nf1 Nhf4 
14. Ng3 exd4 15. Nxd4 Bxd4 16. cxd4 d5 17. Qf3 Qh4 18. Bc2 c6 19. Bxf4 Qxf4 
20. Qxf4 Nxf4 21. e5 f6 22. Ne2 fxe5 23. Nxf4 Rxf4 24. Rxe5 Bf7 25. Rd1 Re8 
26. Rxe8+ Bxe8 27. g3 Rf6 28. Re1 Kf7 29. f4 Bd7 30. Kg2 g6 31. a3 Re6 
32. Rxe6 Kxe6 33. g4 b6 34. b4 axb4 35. axb4 Kd6 36. Kf3 c5 37. bxc5+ bxc5 
38. dxc5+ Kxc5 39. f5 gxf5 40. gxf5 Kd6 41. Kf4 Bxf5 42. Bxf5 1/2-1/2

[Event "Monday 02 April Rapid Engine Tour 12+1 Rounds 9 Starts 1600ST"]
[Site "Infinity Chess"]
[Date "2018.4.2"]
[Round "5"]
[White "Mr Aj"]
[Black "Dovahkiin"]
[Result "1-0"]
[ECO "D30"]
[WhiteElo "2420"]
[BlackElo "2385"]
[WhiteEngine "Houdini 6"]
[BlackEngine "BrainFish_180329_x64_modern_CTG"]
[EventType "Swiss"]
[WhiteTeam ""]
[BlackTeam ""]
[PlyCount "61"]
[TimeControl "720+1"]

1. d4 d5 2. c4 e6 3. Nf3 Nf6 4. Nc3 c6 5. Bg5 h6 6. Bxf6 Qxf6 7. e3 Nd7 
8. Bd3 dxc4 9. Bxc4 g6 10. O-O Bg7 11. e4 e5 12. d5 Nb6 13. Nd2 O-O 14. Bb3 h5 
15. h3 Bh6 16. Nf3 Bd7 17. Qe2 Rad8 18. Rad1 c5 19. a4 Nc8 20. Rfe1 a6 
21. a5 Nd6 22. Ba4 Bc8 23. Nb1 Qg7 24. Nfd2 f5 25. Nc4 Nxe4 26. d6 Bf4 
27. g3 Bg5 28. f3 Be6 29. fxe4 f4 30. Bb3 fxg3 31. Qd3 1-0

[Event "Monday 02 April Rapid Engine Tour 12+1 Rounds 9 Starts 1600ST"]
[Site "Infinity Chess"]
[Date "2018.4.2"]
[Round "5"]
[White "MGR"]
[Black "Vimtiroba"]
[Result "1-0"]
[ECO "C77"]
[WhiteElo "2454"]
[BlackElo "2443"]
[WhiteEngine "asmFishW_2018-02-19_bmi2"]
[BlackEngine "SF9 ''A1''_CTG"]
[EventType "Swiss"]
[WhiteTeam ""]
[BlackTeam ""]
[PlyCount "148"]
[TimeControl "720+1"]

1. e4 e5 2. Nf3 Nc6 3. Bb5 a6 4. Ba4 Nf6 5. O-O Be7 6. Re1 b5 7. Bb3 O-O 
8. a4 b4 9. c3 bxc3 10. dxc3 d6 11. a5 Bd7 12. Nbd2 Qc8 13. Nf1 Nd8 14. Bc4 Ne6 
15. Ng3 g6 16. Qe2 Kg7 17. h3 h6 18. Be3 c5 19. Rab1 Rh8 20. b4 cxb4 
21. cxb4 Qb7 22. Qa2 Rac8 23. h4 h5 24. Ng5 Ng4 25. Bd5 Qb8 26. Bxe6 Bxe6 
27. Nxe6+ fxe6 28. b5 axb5 29. Qxe6 Rhe8 30. Bb6 Bxh4 31. Qd7+ Re7 32. Qxb5 Bxg3 
33. fxg3 Rc2 34. Rf1 Qc8 35. Qb3 Rc3 36. Qd5 Rc2 37. Rb3 Kh6 38. Rd3 Rb2 
39. Rb3 Rc2 40. Qd3 Kh7 41. a6 Qc6 42. Ra1 Rc1+ 43. Rxc1 Qxc1+ 44. Qf1 Qc2 
45. Qb1 Qc4 46. Ra3 Rc7 47. Rf3 Rg7 48. Qd3 Qc1+ 49. Rf1 Qb2 50. Rb1 Qa2 
51. Kh1 d5 52. exd5 e4 53. Qxe4 Qxa6 54. Bd4 Rf7 55. Kg1 Qc8 56. d6 Qc4 
57. Ra1 Rd7 58. Rf1 Rg7 59. Rd1 Ra7 60. Bxa7 Qxe4 61. d7 Qb7 62. d8=Q Qxa7+ 
63. Qd4 Qxd4+ 64. Rxd4 Kg7 65. Kf1 Kh6 66. Rd6 Kg5 67. Rd5+ Kf6 68. Ke2 g5 
69. Kf3 Kg6 70. Ra5 Nf6 71. Ke3 Ng8 72. Ke4 Nf6+ 73. Ke5 Ng4+ 74. Ke6 Nf6 1-0

[Event "Monday 02 April Rapid Engine Tour 12+1 Rounds 9 Starts 1600ST"]
[Site "Infinity Chess"]
[Date "2018.4.2"]
[Round "5"]
[White "Thinker"]
[Black "CrapCleaner"]
[Result "1/2-1/2"]
[ECO "C55"]
[WhiteElo "2462"]
[BlackElo "2407"]
[WhiteEngine "BrainFish_180329_x64_modern_CTG"]
[BlackEngine "Raubfisch ME262_GTZ16e2_CTG"]
[EventType "Swiss"]
[WhiteTeam ""]
[BlackTeam ""]
[PlyCount "130"]
[TimeControl "720+1"]

1. e4 e5 2. Nf3 Nc6 3. Bc4 Nf6 4. d3 Bc5 5. c3 d6 6. O-O a5 7. Re1 O-O 8. h3 h6 
9. Nbd2 Be6 10. a4 Qd7 11. Bb5 Qd8 12. Bc4 Bxc4 13. Nxc4 Re8 14. Be3 Bxe3 
15. Nxe3 b6 16. Qb3 Ne7 17. g3 Ng6 18. Nd5 Nxd5 19. Qxd5 Qd7 20. Kg2 Rab8 
21. b4 c6 22. Qb3 Nf8 23. d4 exd4 24. cxd4 axb4 25. Qxb4 c5 26. Qb3 b5 
27. axb5 Rxb5 28. Qd5 cxd4 29. Qxd4 Ne6 30. Ra7 Nxd4 31. Rxd7 Nxf3 32. Kxf3 Re6 
33. g4 Rb3+ 34. Kg2 g5 35. f3 Rf6 36. Rf1 Kg7 37. Rd8 Rd3 38. Kg3 Re3 
39. Rf2 Ra3 40. Rb8 Rf4 41. Kg2 Kg6 42. Rh8 Rf6 43. Kg3 Rd3 44. Rc8 Re3 
45. Rcc2 Rd3 46. Rc8 Ra3 47. Kg2 Rd3 48. Rb8 d5 49. exd5 Rxd5 50. Ra2 Rfd6 
51. Rg8+ Kh7 52. Rf8 Kg6 53. Rg8+ Kh7 54. Rf8 Kg6 55. Raa8 f5 56. gxf5+ Rxf5 
57. Rxf5 Kxf5 58. Ra4 Rd5 59. Kg3 h5 60. h4 g4 61. fxg4+ hxg4 62. Rf4+ Kg6 
63. Rxg4+ Kh6 64. Ra4 Kg6 65. h5+ Rxh5 1/2-1/2

[Event "Monday 02 April Rapid Engine Tour 12+1 Rounds 9 Starts 1600ST"]
[Site "Infinity Chess"]
[Date "2018.4.2"]
[Round "5"]
[White "angriff"]
[Black "fati64"]
[Result "1/2-1/2"]
[ECO "C55"]
[WhiteElo "2390"]
[BlackElo "2450"]
[WhiteEngine "DracoREX 3.07 64BIT POPCNT_CTG"]
[BlackEngine "S_XPrO .64"]
[EventType "Swiss"]
[WhiteTeam ""]
[BlackTeam ""]
[PlyCount "127"]
[TimeControl "720+1"]

1. e4 e5 2. Nf3 Nc6 3. Bc4 Nf6 4. d3 Bc5 5. c3 O-O 6. O-O d6 7. h3 a5 8. Nbd2 h6 
9. Re1 Be6 10. a4 Ba7 11. b3 Nd7 12. Nf1 Nb6 13. Bxe6 fxe6 14. Bd2 Nd7 
15. Rc1 Qe7 16. N1h2 Nc5 17. d4 Nd7 18. Be3 Bb6 19. Ng4 Qe8 20. dxe5 h5 
21. Ngh2 Bxe3 22. Rxe3 Ncxe5 23. Qe2 Qg6 24. Rf1 Rf4 25. Nxe5 Nxe5 26. Nf3 Nxf3+ 
27. Rxf3 Rxf3 28. Qxf3 Qf6 29. Qe3 Rf8 30. f4 Qh6 31. Rf3 h4 32. Kf2 b6 
33. Kg1 Kh7 34. Qf2 Kg8 35. f5 exf5 36. exf5 Qf6 37. Qe1 d5 38. Rf4 Rf7 
39. Rd4 Re7 40. Qxh4 Qxh4 41. Rxh4 Re3 42. Rd4 Rxc3 43. Rxd5 c5 44. Rd8+ Kf7 
45. Kf2 Rxb3 46. Rd7+ Kf6 47. g4 c4 48. Rb7 Rxh3 49. Rxb6+ Ke5 50. Rg6 c3 
51. Ke2 c2 52. Kd2 Rc3 53. Kc1 Rc7 54. Ra6 Kf4 55. Rxa5 Kxg4 56. Rb5 Kg5 
57. a5 Rc3 58. a6 Ra3 59. f6+ Kxf6 60. Rb6+ Ke5 61. Kxc2 Kf5 62. Kb2 Ra5 
63. Rc6 g5 64. Rh6 1/2-1/2

[Event "Monday 02 April Rapid Engine Tour 12+1 Rounds 9 Starts 1600ST"]
[Site "Infinity Chess"]
[Date "2018.4.2"]
[Round "5"]
[White "CoffeeOne"]
[Black "star99"]
[Result "1/2-1/2"]
[ECO "B53"]
[WhiteElo "2475"]
[BlackElo "2400"]
[WhiteEngine "Houdini 6"]
[BlackEngine "Cryptic Heroes 9.2B"]
[EventType "Swiss"]
[WhiteTeam ""]
[BlackTeam ""]
[PlyCount "87"]
[TimeControl "720+1"]

1. e4 c5 2. Nf3 d6 3. d4 cxd4 4. Qxd4 Nf6 5. Be2 Nc6 6. Qd3 g6 7. Nc3 Bg7 
8. O-O O-O 9. Rd1 Bg4 10. Nd5 Nd7 11. c3 e6 12. Nb4 Bxf3 13. Qxf3 Nde5 
14. Qg3 Nxb4 15. cxb4 Qc7 16. Qb3 Rfc8 17. b5 Qc2 18. Qxc2 Rxc2 19. Kf1 Nc4 
20. Rb1 Nxb2 21. Rxd6 Na4 22. Bd1 Rc4 23. Bxa4 Rxa4 24. Rd7 Rxa2 25. Be3 b6 
26. Rc1 Ra1 27. Rxa1 Bxa1 28. Ke2 Kg7 29. Rb7 Bf6 30. f4 h6 31. e5 Bd8 32. g4 a6 
33. f5 gxf5 34. gxf5 exf5 35. e6 Bg5 36. bxa6 Rxa6 37. Bxb6 Ra8 38. h4 Bxh4 
39. exf7 Rf8 40. Be3 Bg5 41. Bc5 Rxf7 42. Rxf7+ Kxf7 43. Kf3 h5 44. Ba7 1/2-1/2

[Event "Monday 02 April Rapid Engine Tour 12+1 Rounds 9 Starts 1600ST"]
[Site "Infinity Chess"]
[Date "2018.4.2"]
[Round "5"]
[White "beka"]
[Black "KQRBNP"]
[Result "1/2-1/2"]
[ECO "A13"]
[WhiteElo "2379"]
[BlackElo "2405"]
[WhiteEngine "stockfish_18032408_32bit"]
[BlackEngine "Eman 1.70-beta13 64-bit POPCNT"]
[EventType "Swiss"]
[WhiteTeam ""]
[BlackTeam ""]
[PlyCount "181"]
[TimeControl "720+1"]

1. c4 e6 2. d4 d5 3. Nf3 Nf6 4. g3 Bb4+ 5. Bd2 Be7 6. Qc2 O-O 7. Bg2 c6 
8. O-O b6 9. Ne5 Bb7 10. Bf4 Nbd7 11. Rd1 Nh5 12. Bd2 Nhf6 13. cxd5 cxd5 
14. Nc6 Bxc6 15. Qxc6 Qc8 16. Qxc8 Rfxc8 17. Nc3 a6 18. e4 dxe4 19. Nxe4 Nd5 
20. Nc3 N7f6 21. Rdc1 h6 22. Na4 Rab8 23. a3 g5 24. Rxc8+ Rxc8 25. Rc1 Rxc1+ 
26. Bxc1 Kg7 27. Bf1 a5 28. Bc4 Bd8 29. Kg2 Ne8 30. Kf3 Nec7 31. Nc3 f5 
32. Ke2 Kf7 33. h3 Bf6 34. Kd3 Ke7 35. Bd2 Kd6 36. g4 Ne7 37. f3 Kc6 38. a4 f4 
39. Be1 Ned5 40. Nb5 Nxb5 41. Bxb5+ Kd6 42. Ke4 Ne3 43. Bd3 Be7 44. Be2 Nd5 
45. Bb5 Nf6+ 46. Kd3 Nd5 47. Bd2 Bf8 48. Ke4 Nf6+ 49. Kd3 Nd5 50. Bc4 Be7 
51. Be1 Bd8 52. Bb3 Be7 53. Bc4 Bd8 54. Ba2 Be7 55. Bb3 Bd8 56. Bd2 Be7 
57. Be1 Nc7 58. Kc4 Bf6 59. Bd2 Nd5 60. Bc3 Bg7 61. Kb5 Bf6 62. Bc4 Bh8 
63. Ba2 Bf6 64. Kc4 Bg7 65. Bd2 Bf6 66. Kd3 Be7 67. Bb3 Bd8 68. Bc4 Be7 
69. Bb3 Bd8 70. Ba2 Be7 71. Bc4 Bf8 72. Be1 Be7 73. Bd2 Bf8 74. Bc1 Bg7 
75. Ke4 Bf8 76. Bb5 Be7 77. Bc4 Bf8 78. Be2 Nf6+ 79. Kd3 Nd5 80. Bd2 Be7 
81. Bc3 Bf6 82. Ke4 Be7 83. Bd1 Nf6+ 84. Kd3 Kc6 85. Bb3 Kd6 86. Ke2 Nd5 
87. Kd3 Bf6 88. Ke4 Ne3 89. Bd2 Nf1 90. Bc1 Ng3+ 91. Kd3 1/2-1/2